 Dungeon Crawl Stone Soup version 0.22.1-1-ga44c0e5 (webtiles) character file.

1085 Iscandelvey the Magician (level 7, 0/50 HPs)
             Began as a Demigod Wizard on Oct 1, 2018.
             Slain by Prince Ribbit (15 damage)
             ... on level 5 of the Dungeon.
             The game lasted 00:38:42 (6660 turns).

Iscandelvey the Magician (Demigod Wizard)           Turns: 6660, Time: 00:38:43

Health: 0/50       AC:  5    Str: 10    XL:     7   Next: 82%
Magic:  9/19       EV: 12    Int: 26    God:
Gold:   342        SH:  0    Dex: 14    Spells: 7/18 levels left

rFire    . . .     SeeInvis .   h - +0 dagger (venom)
rCold    . . .     Gourm    .   (no shield)
rNeg     + . .     Faith    .   I - +0 troll leather armour {Purgy}
rPois    .         Spirit   .   m - +0 helmet
rElec    .         Reflect  .   q - scarf {repulsion}
rCorr    +         Harm     .   (no gloves)
MR       .....                  (no boots)
Stlth    ++........             (no amulet)
HPRegen  0.56/turn              j - ring of positive energy
MPRegen  0.16/turn              p - ring of resist corrosion

@: repel missiles
A: high mp 1
a: no special abilities


You were on level 5 of the Dungeon.
You were not hungry.

You visited 1 branch of the dungeon, and saw 5 of its levels.
You also visited: Sewer.

You collected 342 gold pieces.

Inventory:

Hand Weapons
 e - a +0 short sword
 h - a +0 dagger of venom (weapon)
 s - a +3 hand axe
 E - a +1 short sword of speed
 H - a +1 antimagic dagger
Missiles
 D - 113 stones (quivered)
 F - a throwing net
Armour
 m - a +0 helmet (worn)
 q - a scarf of repulsion (worn)
 r - a +0 cloak
 I - a +0 troll leather armour (worn) {Purgy}
Magical Staves
 G - an uncursed staff of power {unknown}
Jewellery
 j - a ring of positive energy (left hand)
 p - a ring of resist corrosion (right hand)
 y - an uncursed ring of see invisible {unknown}
Scrolls
 b - a scroll of fog {unknown}
 c - a scroll of blinking {unknown}
 f - 6 scrolls of identify {unknown}
 k - 2 scrolls of magic mapping {unknown}
 n - 2 scrolls of noise {unknown}
 o - 3 scrolls of teleportation {unknown}
 v - a scroll of fear {unknown}
 z - a scroll of enchant armour {unknown}
 A - 2 scrolls of random uselessness {unknown}
 B - a scroll of immolation {unknown}
Potions
 g - 2 potions of resistance
 i - 2 potions of agility {unknown}
 l - a potion of cancellation {unknown}
 t - 2 potions of lignification {unknown}
 u - a potion of haste {unknown}
 w - 2 potions of heal wounds {unknown}
 x - 3 potions of curing {unknown}
Comestibles
 a - 6 chunks of flesh
 d - 7 rations


   Skills:
 + Level 2.4 Dodging
 + Level 3.2 Stealth
 * Level 6.0 Spellcasting
 * Level 5.1 Conjurations
 + Level 0.8 Summonings
 + Level 1.6 Translocations
 + Level 0.3 Fire Magic


You had 7 spell levels left.
You knew the following spells:

 Your Spells              Type           Power        Failure   Level  Hunger
a - Magic Dart            Conj           ####         1%          1    None
b - Blink                 Tloc           N/A          8%          2    None
c - Call Imp              Summ           ##......     10%         2    None
d - Conjure Flame         Conj/Fire      ###.....     9%          3    None
e - Mephitic Cloud        Conj/Pois/Air  ###.....     14%         3    None

Your spell library contained the following spells:

 Spells                   Type           Power        Failure   Level  Hunger
 Shroud of Golubria       Chrm/Tloc      ##........   11%         2    None
 Slow                     Hex            #.......     14%         2    None
 Gell's Gravitas          Tloc           ###.......   14%         3    None
 Lesser Beckoning         Tloc           ###.......   14%         3    None
 Teleport Other           Tloc           ###.....     14%         3    None
 Passage of Golubria      Tloc           N/A          43%         4    ###....


Dungeon Overview and Level Annotations

Branches:
Dungeon (5/15)
 Temple: D:4-7

Annotations:
D:5 Prince Ribbit


Innate Abilities, Weirdness & Mutations

You have an increased reservoir of magic. (+10% MP)


Message History

Prince Ribbit blinks!
You miss Prince Ribbit.
Prince Ribbit is heavily wounded.
Prince Ribbit completely misses you.
You barely miss Prince Ribbit.
Prince Ribbit is heavily wounded.
Prince Ribbit hits you.
You hit Prince Ribbit but do no damage.
Prince Ribbit is poisoned.
Prince Ribbit is heavily wounded.
Prince Ribbit hits you! Prince Ribbit barely misses you.
You hit Prince Ribbit.
Prince Ribbit is heavily wounded.
Prince Ribbit hits you!!
Prince Ribbit hits you but does no damage.
Prince Ribbit hits you.
* * * LOW HITPOINT WARNING * * *
Casting: Magic Dart (safe; 1% risk of failure)
Confirm with . or Enter, or press ? or * to list all spells.
You blink.
Prince Ribbit hits you!
You die...

#
#.##>#........[#
#
#.##.######.####
# #.## #.# #.#
#.# #.# #.# #.#
#.# #####.#
.######ยง##
......#
.......F.#
#######
#######.@# #..#
#..# #..# ...#
....# .###.# #.
#.# # .#


You could see Prince Ribbit.

Vanquished Creatures
  Grinder (D:4)
  An ice beast (D:4)
  Purgy (Sewer)
  2 ogres
  A phantom (D:4)
  A howler monkey (D:5)
  A hound (D:4)
  2 orc wizards
  A worker ant (D:4)
  A hound zombie (D:5)
  Robin (D:1)
  2 river rats
  13 adders
  5 worms (D:4)
  A dart slug (D:2)
  A leopard gecko (D:1)
  20 orcs
  A ball python (D:5)
  8 giant cockroaches
  8 hobgoblins
  4 jackals
  12 kobolds
  5 quokkas
  7 bats
  5 frilled lizards
  16 goblins
  8 rats
129 creatures vanquished.

Notes
Turn   | Place    | Note
-------+----------+-------------------------------------------
     0 | D:1      | Iscandelvey the Demigod Wizard began the quest for the Orb.
     0 | D:1      | Reached XP level 1. HP: 14/14 MP: 6/6
    80 | D:1      | Reached skill level 3 in Spellcasting
   413 | D:1      | Reached XP level 2. HP: 17/20 MP: 0/8
   507 | D:1      | Reached skill level 1 in Conjurations
  1400 | D:2      | Reached XP level 3. HP: 18/26 MP: 2/10
  1819 | D:2      | Noticed Robin
  1830 | D:1      | Killed Robin
  2523 | D:1      | Reached XP level 4. HP: 33/33 MP: 12/12
  2687 | D:2      | Found a faded altar of an unknown god.
  2850 | D:3      | Learned a level 2 spell: Blink
  2853 | D:3      | Learned a level 2 spell: Call Imp
  2857 | D:3      | Learned a level 3 spell: Conjure Flame
  3621 | D:3      | Reached skill level 4 in Spellcasting
  3621 | D:3      | Reached XP level 5. HP: 38/38 MP: 7/14
  4034 | D:4      | Noticed an ogre
  4047 | D:4      | Killed an ogre
  4053 | D:4      | Noticed a phantom
  4157 | D:4      | Killed a phantom
  4157 | D:4      | Reached XP level 6. HP: 18/45 MP: 5/15
  4365 | D:4      | Noticed Grinder
  4391 | D:4      | Found a glowing drain.
  4403 | Sewer    | Entered a sewer
  4650 | Sewer    | Noticed Purgy
  4788 | Sewer    | Killed Purgy
  5128 | D:4      | Killed Grinder
  5128 | D:4      | Reached skill level 5 in Spellcasting
  5128 | D:4      | Reached skill level 1 in Translocations
  5128 | D:4      | Reached XP level 7. HP: 49/50 MP: 1/18
  5852 | D:5      | Entered Level 5 of the Dungeon
  5857 | D:5      | Learned a level 3 spell: Mephitic Cloud
  6289 | D:5      | Reached skill level 5 in Conjurations
  6560 | D:5      | Reached skill level 6 in Spellcasting
  6633 | D:5      | Noticed Prince Ribbit
  6660 | D:5      | Slain by Prince Ribbit

Skill      XL: |  1  2  3  4  5  6  7 |
---------------+----------------------+-----
Spellcasting   | 3 4 5 6 |  6.0
Stealth        | 2 3 |  3.2
Conjurations   | 1 2 3 4 5 |  5.1
Dodging        | 2 |  2.4
Translocations | 1 |  1.6
Summonings     | |  0.8
Fire Magic     | |  0.3

Action                   |  1- 3 |  4- 6 |  7- 9 || total
-------------------------+-------+-------+-------++-------
Melee: Unarmed           |    16 |       |       ||    16
       Short sword       |    24 |       |       ||    24
       Dagger            |    13 |    66 |    50 ||   129
Throw: Stone             |       |     4 |       ||     4
 Cast: Magic Dart        |   101 |   131 |   105 ||   337
       Conjure Flame     |       |     7 |     2 ||     9
       Blink             |       |     9 |     6 ||    15
 Stab: Sleeping          |       |     8 |     3 ||    11
       Distracted        |       |     1 |       ||     1
  Eat: Chunk             |     5 |     8 |     5 ||    18
Armor: Robe              |    18 |    11 |       ||    29
       Troll leather arm |       |     1 |    23 ||    24
Dodge: Dodged            |    78 |    58 |    44 ||   180
       Deflected         |       |       |     4 ||     4
